[Event "FRA-ch Youth U12 2019"]
[Site "Hyeres"]
[Date "2019.04.20"]
[Round "8.4"]
[White "Kuhn, Clement"]
[Black "Siffert, Arman"]
[Result "1-0"]
[ECO "B23"]
[WhiteElo "1936"]
[BlackElo "1701"]
[Annotator "NA"]
[PlyCount "67"]
[EventDate "2019.04.14"]
[EventType "swiss"]
[EventCountry "FRA"]
[SourceTitle "playchess.com"]
[Source "ChessBase"]
[SourceQuality "1"]
[TimeControl "5400+30"]

1. e4 c5 2. Nc3 a6 3. g3 Nc6 4. Bg2 g6 5. Nh3 Bg7 6. O-O e6 7. d3 Nge7 8. Bg5 O-O 9. Qd2 f6 10. Be3 b6 11. Nf4 f5 12. Rab1 e5 13. Nfd5 Rb8 14. Bg5 Qe8 15. a3 d6 16. b4 cxb4 17. axb4 Bb7 18. Nxb6 Nd4 19. Nbd5 Nxd5 20. Nxd5 Bxd5 21. exd5 Qc8 22. Be7 Rf7 23. Bxd6 Rb5 24. c4 Rbb7 25. f4 exf4 26. Bxf4 Rbe7 27. Rfe1 Qe8 28. d6 Ne2+ 29. Kh1 Bc3 30. Qc2 Bxe1 31. dxe7 Rxe7 32. Bd5+ Kh8 33. Rxe1 Nxg3+ 34. Bxg3 1-0

[Event "FRA-ch Youth U12 2019"]
[Site "Hyeres"]
[Date "2019.04.21"]
[Round "9.1"]
[White "Maurizzi, Marc Andria"]
[Black "Makkar, Rajat"]
[Result "1-0"]
[ECO "C45"]
[WhiteElo "2276"]
[BlackElo "2147"]
[Annotator "NA"]
[PlyCount "59"]
[EventDate "2019.04.14"]
[EventType "swiss"]
[EventCountry "FRA"]
[SourceTitle "playchess.com"]
[Source "ChessBase"]
[SourceQuality "1"]
[TimeControl "5400+30"]

1. e4 e5 2. Nf3 Nc6 3. d4 exd4 4. Nxd4 Qf6 5. Nf3 Bc5 6. Nc3 Nge7 7. Bg5 Qg6 8. Be2 Ne5 9. Qd2 Ng4 10. O-O h6 11. Bxe7 Bxe7 12. e5 Bc5 13. Bd3 Qh5 14. Nd5 Nxe5 15. Rfe1 d6 16. Nf4 Qg4 17. Nxe5 dxe5 18. Rxe5+ Be7 19. Rae1 Be6 20. Nxe6 fxe6 21. Rxe6 O-O-O 22. Rxe7 Rhf8 23. Qa5 Rd7 24. Re8+ Rd8 25. Rxd8+ Kxd8 26. Qd5+ Kc8 27. Bf5+ Qxf5 28. Re8+ Rxe8 29. Qxf5+ Kb8 30. h4 1-0

[Event "FRA-ch Youth U12 2019"]
[Site "Hyeres"]
[Date "2019.04.21"]
[Round "9.2"]
[White "Strasser, Rouben"]
[Black "Bat, Bilguun"]
[Result "1/2-1/2"]
[ECO "B28"]
[WhiteElo "1611"]
[BlackElo "2163"]
[Annotator "NA"]
[PlyCount "177"]
[EventDate "2019.04.14"]
[EventType "swiss"]
[EventCountry "FRA"]
[SourceTitle "playchess.com"]
[Source "ChessBase"]
[SourceQuality "1"]
[TimeControl "5400+30"]

1. e4 c5 2. Nf3 a6 3. d4 cxd4 4. Nxd4 Nf6 5. Nc3 e5 6. Nb3 Bb4 7. Bd3 d5 8. exd5 Nxd5 9. Bd2 Nxc3 10. bxc3 Bd6 11. O-O O-O 12. Qh5 f5 13. f3 Nc6 14. Kh1 Qe8 15. Qxe8 Rxe8 16. Rae1 Be6 17. Be3 g6 18. a4 Rac8 19. Bd2 Bd5 20. Rf2 Be7 21. c4 Bf7 22. Rfe2 Bf6 23. Bc3 Nd4 24. Re3 Red8 25. Nd2 b5 26. axb5 axb5 27. Ba5 bxc4 28. Bxd8 Bxd8 29. Nxc4 Bxc4 30. Rxe5 Bf7 31. c4 Bf6 32. Ra5 Rd8 33. Bf1 Nc2 34. Rb1 Ne3 35. c5 Nxf1 36. Rxf1 Bc4 37. Rc1 Bb2 38. Rb1 Bc3 39. Ra4 Be6 40. h3 Kf7 41. Ra7+ Kf6 42. c6 Rc8 43. Rxh7 Rxc6 44. Rc1 Rc4 45. Ra7 Be5 46. Rxc4 Bxc4 47. Ra4 Be6 48. Ra8 f4 49. Ra7 Bd4 50. Ra4 Be3 51. Ra5 Bf5 52. Ra6+ Kg5 53. Ra8 Kh4 54. Kh2 Bf2 55. Rh8+ Kg5 56. Re8 Bg3+ 57. Kh1 Kf6 58. Ra8 Ke5 59. Ra4 Kd5 60. Rb4 Bc2 61. Rb2 Bd3 62. Rb4 Kc5 63. Ra4 Bc4 64. Ra8 Kd4 65. Re8 Bd3 66. Re7 Kc3 67. Re6 Kd2 68. Re5 Be2 69. Rg5 Bd3 70. Re5 Bh4 71. Re8 Be2 72. Re6 g5 73. Re8 Ke1 74. Kg1 Bf2+ 75. Kh1 Kf1 76. Re5 Bh4 77. Ra5 Kf2 78. Ra2 Bg3 79. Ra5 Bc4 80. Ra3 Kf1 81. Ra5 Bh4 82. Ra4 Be2 83. Ra1+ Be1 84. Ra8 Bg3 85. Ra5 Kf2 86. Ra2 Kf1 87. Ra1+ Be1 88. Ra8 Bc3 89. Rg8 1/2-1/2

[Event "FRA-ch Youth U12 2019"]
[Site "Hyeres"]
[Date "2019.04.21"]
[Round "9.3"]
[White "Deblock, Kien"]
[Black "Kuhn, Clement"]
[Result "1/2-1/2"]
[ECO "B01"]
[WhiteElo "1642"]
[BlackElo "1936"]
[Annotator "NA"]
[PlyCount "144"]
[EventDate "2019.04.14"]
[EventType "swiss"]
[EventCountry "FRA"]
[SourceTitle "playchess.com"]
[Source "ChessBase"]
[SourceQuality "1"]
[TimeControl "5400+30"]

1. e4 d5 2. exd5 Nf6 3. Nf3 Nxd5 4. d4 Bf5 5. Bd3 Bxd3 6. Qxd3 e6 7. O-O c6 8. c4 Nf6 9. Nc3 Be7 10. Bf4 O-O 11. Rfd1 Na6 12. a3 h6 13. b4 Nc7 14. b5 cxb5 15. Bxc7 Qxc7 16. Nxb5 Qa5 17. d5 exd5 18. cxd5 Rfd8 19. Qb3 a6 20. d6 Bf8 21. Nc7 Rab8 22. Nd5 Rxd6 23. Nxf6+ Rxf6 24. Rd7 Qb6 25. Rb1 Qxb3 26. Rxb3 Rd6 27. Ne5 Rd8 28. Rxd8 Rxd8 29. Kf1 b5 30. Nc6 Rd1+ 31. Ke2 Ra1 32. Nb4 f5 33. Nxa6 Rxa3 34. Rxa3 Bxa3 35. Nc7 b4 36. Kd3 b3 37. Nb5 Bc5 38. f3 Bg1 39. h3 Kf7 40. Kc3 Ke6 41. Kxb3 Bf2 42. Kc3 Ke5 43. Kd3 Kf4 44. Ke2 Bc5 45. Nc7 Ke5 46. g4 g5 47. Ne8 Bf8 48. Nc7 Bg7 49. Ne8 Bf8 50. Nc7 fxg4 51. hxg4 Kd6 52. Ne8+ Ke6 53. Nc7+ Ke5 54. Ne8 Kf4 55. Nf6 Bg7 56. Ne8 Bh8 57. Nd6 Bg7 58. Nf5 Bf8 59. Kf2 h5 60. Kg2 h4 61. Nd4 Be7 62. Nf5 Bf6 63. Nh6 Ke3 64. Nf5+ Ke2 65. Nh6 Be5 66. Nf5 h3+ 67. Kxh3 Kxf3 68. Ne7 Bf4 69. Ng6 Ke4 70. Nf8 Kf3 71. Ne6 Ke4 72. Kg2 Ke5 1/2-1/2

[Event "FRA-ch Youth U12 2019"]
[Site "Hyeres"]
[Date "2019.04.21"]
[Round "9.4"]
[White "Robert, Maxime"]
[Black "Mekhane, Adam"]
[Result "0-1"]
[ECO "B22"]
[WhiteElo "1457"]
[BlackElo "1995"]
[Annotator "NA"]
[PlyCount "34"]
[EventDate "2019.04.14"]
[EventType "swiss"]
[EventCountry "FRA"]
[SourceTitle "playchess.com"]
[Source "ChessBase"]
[SourceQuality "1"]
[TimeControl "5400+30"]

1. e4 c5 2. Nf3 Nc6 3. c3 Nf6 4. d4 cxd4 5. cxd4 Nxe4 6. Be2 d5 7. O-O g6 8. Nc3 Bg7 9. Bf4 O-O 10. Rc1 Bg4 11. Ne5 Bxe2 12. Nxe2 Rc8 13. Qa4 Nxe5 14. Bxe5 Qb6 15. Qa3 Rxc1 16. Rxc1 Bxe5 17. Rf1 Bg7 0-1